 Dungeon Crawl Stone Soup version 0.25-a0-302-g9f758675c1 (webtiles) character file.

Game seed: 9498743599940764437, levelgen mode: deterministic

2590 will825x2 the Firebug (level 9, -8/48 HPs)
             Began as a Deep Elf Fire Elementalist on Dec 20, 2019.
             Was an Initiate of Gozag.
             Mangled by a wight
             ... wielding a +5 war axe of freezing
              (12 damage)
             ... on level 7 of the Dungeon.
             The game lasted 00:26:29 (6952 turns).

will825x2 the Firebug (Deep Elf Fire Elementalist)  Turns: 6952, Time: 00:26:29

Health: -8/48      AC:  6    Str:  5    XL:     9   Next: 33%
Magic:  17/20      EV: 14    Int: 24    God:    Gozag
Gold:   674        SH:  0    Dex: 18    Spells: 11/20 levels left

rFire    . . .     SeeInvis +   c - +7 whip of Ogeceul {slash, +Inv +Fly Dex+3 SInv}
rCold    . . .     Gourm    .   (no shield)
rNeg     . . .     Faith    .   H - +0 robe
rPois    .         Spirit   .   y - +0 hat
rElec    .         Reflect  .   (no cloak)
rCorr    .         Harm     .   s - +0 pair of gloves
MR       .....                  G - +2 pair of boots
Stlth    ++........             (no amulet)
HPRegen  0.16/turn              (no ring)
MPRegen  0.17/turn              (no ring)

@: gold aura, lightly drained
A: no striking features
a: Potion Petition, Call Merchant, Bribe Branch, Renounce Religion, Evoke
Invisibility, Evoke Flight


You were on level 7 of the Dungeon.
You worshipped Gozag.
Gozag was pleased with you.
You were not hungry.

You visited 2 branches of the dungeon, and saw 8 of its levels.

You collected 722 gold pieces.
You paid 48 gold pieces to Gozag.

Inventory:

Hand Weapons
 a - a +0 short sword
 b - a +0 whip of venom
 c - the +7 whip of Ogeceul (weapon) {slash, +Inv +Fly Dex+3 SInv}
   (You found it on level 5 of the Dungeon)

   It inflicts extra damage upon your enemies.
   It affects your dexterity (+3).
   It lets you see invisible.
   It lets you turn invisible.
   It lets you fly.
 m - a +0 hunting sling
 x - a +0 spear
Missiles
 e - 209 stones (quivered)
 p - 93 arrows
 q - 19 sling bullets
 A - 9 javelins
 B - 49 poisoned darts
Armour
 s - a +0 pair of gloves (worn)
 y - a +0 hat (worn)
 G - a +2 pair of boots (worn)
 H - a +0 robe (worn)
Jewellery
 D - an uncursed ring of magical power {unknown}
 I - an uncursed amulet of rage {unknown}
 O - an uncursed ring of poison resistance {unknown}
Wands
 J - a wand of digging (8)
 K - a wand of iceblast (20)
 L - a wand of scattershot (4)
 M - a wand of paralysis (9)
 N - a wand of acid (9)
Scrolls
 d - 2 scrolls of enchant armour {unknown}
 h - 2 scrolls of amnesia {unknown}
 i - 3 scrolls of enchant weapon {unknown}
 l - 8 scrolls of identify {unknown}
 n - 8 scrolls of teleportation {unknown}
 o - 3 scrolls of noise {unknown}
 r - 2 scrolls of remove curse {unknown}
 t - 5 scrolls of immolation {unknown}
 w - 2 scrolls of fog {unknown}
 E - 2 scrolls of random uselessness {unknown}
 P - a scroll of magic mapping {unknown}
Potions
 g - 2 potions of agility {unknown}
 j - 6 potions of heal wounds {unknown}
 k - 2 potions of brilliance {unknown}
 u - a potion of might {unknown}
 v - 3 potions of resistance {unknown}
 z - a potion of berserk rage {unknown}
 C - a potion of cancellation {unknown}
 F - a potion of degeneration {unknown}
Comestibles
 f - 11 rations


   Skills:
 - Level 2.0(1.5) Fighting
 - Level 1.7(1.2) Armour
 - Level 4.0(3.4) Dodging
 - Level 2.4(1.9) Stealth
 + Level 6.1(5.5) Spellcasting
 + Level 7.2(6.6) Conjurations
 + Level 7.3(6.7) Fire Magic
 - Level 7.2(6.7) Evocations


You had 11 spell levels left.
You knew the following spells:

 Your Spells              Type           Power        Failure   Level  Hunger
a - Foxfire               Conj/Fire      ####         1%          1    None
b - Conjure Flame         Conj/Fire      #####...     1%          3    #......
c - Fireball              Conj/Fire      #####.....   16%         5    #####..

Your spell library contained the following spells:

 Spells                   Type           Power        Failure   Level  Hunger
 Sticky Flame             Conj/Fire      #####...     5%          4    ###....
 Inner Flame              Hex/Fire       ###.....     6%          3    #......


Dungeon Overview and Level Annotations

Branches:
Dungeon (7/15)             Temple (1/1) D:4

Altars:
Ashenzari
Cheibriados
Gozag
Kikubaaqudgha
Qazlal
Xom

Shops:
D:5 (   D:6 (

Annotations:
D:5 5 runed translucent doors - staff of olgreb


Message History

The foxfire hits the wight but does no damage.
The wight hits you with a +5 war axe of freezing.
The wight freezes you.
Casting: Foxfire (safe; 1% risk of failure)
Confirm with . or Enter, or press ? or * to list all spells.
You conjure some foxfire!
The wight hits you with a +5 war axe of freezing!
* * * LOW HITPOINT WARNING * * *
You feel drained.
* * * LOW HITPOINT WARNING * * *
The wight freezes you.
* * * LOW HITPOINT WARNING * * *
The wight hits your foxfire with a +5 war axe of freezing.
The wight freezes your foxfire. The wight misses your foxfire.
The foxfire hits the wight but does no damage.
The foxfire hits the wight.
The wight is lightly damaged.
The wight hits you with a +5 war axe of freezing!
You die...
Your body crumbles into a pile of gold.

###
#........###.......#
#........'..........
#...<....###########
###.)..### ##....#
#.....# #.###.####
#.###....# #
#.@......#
#.#.$z.....#
#..........#
####.......#
#.......# #.#
#.......##.#.#
#..........#.#
###...#.####.#
#.###.#..#.#


You could see a wight.

Vanquished Creatures
  Grinder (D:4)
  Sigmund (D:2)
  A spriggan (D:7)
  Menkaure (D:5)
  Duvessa (D:5)
  2 orc warriors
  2 ice beasts
  2 phantoms
  3 ogres
  A centaur (D:6)
  Blork the orc (D:4)
  Dowan (D:5)
  A scorpion (D:6)
  2 wights (D:7)
  2 howler monkeys (D:6)
  2 crimson imps
  A jelly (D:7)
  4 hounds
  A centaur skeleton (D:4)
  An iguana (D:6)
  2 orc wizards
  4 worker ants
  A howler monkey zombie (D:7)
  3 gnolls (D:6)
  9 adders
  2 oozes
  2 worms
  A dart slug (D:1)
  5 leopard geckos
  6 orcs
  7 giant cockroaches
  5 goblins
  18 hobgoblins
  7 jackals
  3 quokkas
  6 bats
  8 frilled lizards
  7 kobolds
  2 leopard gecko zombies
  2 rats (D:1)
131 creatures vanquished.

Vanquished Creatures (others)
  423 foxfires
423 creatures vanquished.

Grand Total: 554 creatures vanquished

Notes
Turn   | Place    | Note
-------+----------+-------------------------------------------
     0 | D:1      | will825x2 the Deep Elf Fire Elementalist began the quest
                  | for the Orb.
     0 | D:1      | Reached XP level 1. HP: 10/10 MP: 6/6
   180 | D:1      | Reached XP level 2. HP: 15/15 MP: 5/8
   223 | D:1      | You fall into a shaft and drop 1 floor!
   228 | D:2      | Found a shattered altar of Ashenzari.
   247 | D:2      | Noticed Sigmund
   278 | D:2      | Reached XP level 3. HP: 14/19 MP: 5/9
  1218 | D:1      | Reached XP level 4. HP: 24/24 MP: 10/10
  1514 | D:2      | Learned a level 3 spell: Conjure Flame
  1869 | D:2      | Killed Sigmund
  1869 | D:2      | Reached skill level 5 in Conjurations
  1869 | D:2      | Reached skill level 5 in Fire Magic
  1869 | D:2      | Reached XP level 5. HP: 12/28 MP: 5/11
  2577 | D:3      | Reached XP level 6. HP: 32/32 MP: 9/12
  3088 | D:4      | Noticed Grinder
  3094 | D:4      | Killed Grinder
  3094 | D:4      | Reached skill level 1 in Fighting
  3094 | D:4      | Reached skill level 1 in Armour
  3157 | D:4      | Noticed Blork the orc
  3164 | D:4      | Killed Blork the orc
  3164 | D:4      | Reached XP level 7. HP: 39/39 MP: 5/13
  3241 | D:4      | Found a staircase to the Ecumenical Temple.
  3248 | Temple   | Entered the Ecumenical Temple
  3265 | Temple   | Became a worshipper of Gozag Ym Sagoz the Greedy
  3820 | D:5      | Entered Level 5 of the Dungeon
  3897 | D:5      | Got a shimmering whip
  3898 | D:5      | Identified the +7 whip of Ogeceul {slash, +Inv +Fly Dex+3
                  | SInv} (You found it on level 5 of the Dungeon)
  3932 | D:5      | Found a runed translucent gate.
  3934 | D:5      | Found the +9 staff of Olgreb {rPois∞}
  3936 | D:5      | Found a runed translucent gate.
  3937 | D:5      | Found a runed translucent door.
  3949 | D:5      | Found a runed translucent door.
  4004 | D:5      | Found a runed translucent gate.
  4024 | D:5      | Noticed Menkaure
  4030 | D:5      | Killed Menkaure
  4030 | D:5      | Reached skill level 5 in Spellcasting
  4030 | D:5      | Reached XP level 8. HP: 32/44 MP: 13/17
  4131 | D:5      | Found an ancient bone altar of Kikubaaqudgha.
  4183 | D:5      | Found Opse's Antique Weapon Shoppe.
  4223 | D:5      | Noticed Duvessa
  4228 | D:5      | Noticed Dowan
  4297 | D:5      | Killed Dowan
  4300 | D:5      | Killed Duvessa
  4616 | D:5      | Learned a level 5 spell: Fireball
  4693 | D:6      | Reached skill level 1 in Evocations
  5408 | D:6      | Found Garal's Antique Weapon Emporium.
  5581 | D:6      | You fall into a shaft and drop 1 floor!
  5591 | D:7      | Reached skill level 5 in Evocations
  6019 | D:6      | Reached XP level 9. HP: 44/48 MP: 14/18
  6952 | D:7      | Mangled by a wight

Levels and vault maps discovered:
D:1:      dpeg_arrival_brainrot, layout_loops_cross
D:2:      layout_loops_ring, evilmike_ruin_ashenzari, eino_curves_04,
          chequers_serial_rivers_micro_c, uniq_sigmund
D:3:      layout_loops_ring, first_ration, minmay_randomly_rotated_circles
D:4:      layout_gridville, temple_green, uniq_blork_the_orc, uniq_grinder
D:5:      layout_basic, kennysheep_mini_moat, serial_shops, shop_statue,
          minmay_misc_feat_four_crosses, hangedman_decor_push,
          minmay_guarded_unrand_staff_of_olgreb, uniq_duvessa, uniq_menkaure
D:6:      layout_basic, serial_shops, shop
D:7:      gammafunk_wand_slinger, layout_basic, nicolae_tso_carved_into_rock,
          the_bakery
Temple:   jpeg_temple_clearing

Skill      XL: |  1  2  3  4  5  6  7  8  9 |
---------------+----------------------------+-----
Conjurations   | 2 3 5 6 7 |  7.2
Fire Magic     | 5 6 7 |  7.3
Fighting       | 1 2 |  2.0
Armour         | 1 |  1.7
Dodging        | 3 4 |  4.0
Spellcasting   | 5 6 |  6.1
Evocations     | 6 7 |  7.2
Stealth        | |  2.4

Action                   |  1- 3 |  4- 6 |  7- 9 || total
-------------------------+-------+-------+-------++-------
Melee: Short sword       |     6 |     4 |     1 ||    11
       Whip              |       |       |    64 ||    64
Throw: Stone             |       |       |     1 ||     1
 Cast: Foxfire           |    47 |    58 |   157 ||   262
       Conjure Flame     |       |       |     8 ||     8
Evoke: Wand              |       |       |     1 ||     1
 Stab: Sleeping          |     5 |     4 |     3 ||    12
  Eat: Chunk             |     1 |     2 |       ||     3
       Ration            |       |     1 |     4 ||     5
Armor: Robe              |     2 |     3 |    16 ||    21
Dodge: Dodged            |    15 |    10 |    84 ||   109

Table legend:
 A = Non-vault XP
 B = Vault XP
 C = Vault XP percentage of total XP
 D = Non-vault monster count
 E = Vault monster count
 F = Vault count percentage of total count
                 A         B        C        D         E       F
            +---------+---------+-------+---------+---------+-------
      Total |    2452 |    1248 |  33.7 |     117 |      14 |  10.7
            +---------+---------+-------+---------+---------+-------
        D:1 |      43 |       2 |   4.4 |      21 |       1 |   4.5
        D:2 |      69 |     238 |  77.5 |      24 |       1 |   4.0
        D:3 |      42 |      45 |  51.7 |      15 |       6 |  28.6
        D:4 |     139 |     371 |  72.7 |      10 |       2 |  16.7
        D:5 |     445 |     381 |  46.1 |      13 |       3 |  18.8
        D:6 |     893 |       0 |   0.0 |      21 |       0 |   0.0
        D:7 |     821 |     211 |  20.4 |      13 |       1 |   7.1
            +---------+---------+-------+---------+---------+-------
